AoeStats
← RidingRaccoon

African Clearing

506695017Analyzed
4v4 RM · 16d ago on Sep 14, 2026· 77m 6s· 8 players
Game mode
Random Map
Map size
Large (8 player)
Population
200
Speed
Normal
Resources
Standard
Victory
Conquest
Starting age
Dark Age
Ending age
Imperial Age
RankedLock teamsTeams togetherTeam positionsShared explorationLock speedFull tech treeHidden civsTurbo modeCheats
Victory
Defeat
🇭🇺 Lithuanians · Hungary
881
+13
🇹🇷 Goths · Türkiye
848
+14
🇨🇿 Dravidians · Czechia
843
+15
🇹🇷 Huns · Türkiye
817
+16
🇨🇳 Jurchens · China
860
-16
🇨🇳 Khmer · China
847
-16
🇮🇳 Byzantines · India
777
-13
🇦🇹 Spanish · Austria
770
-13
CaukyMnauky
4:37 Loom
12:40 Feudal Age
15:08 Fletching
21:02 Double-Bit Axe
21:01 Horse Collar
22:46 Wheelbarrow
21:57 Fishing Lines
27:17 Castle Age
25:34 Stone Mining
29:05 Heavy Plow
29:44 Gold Mining
30:06 Bow Saw
30:41 Hand Cart
35:01 Gillnets
38:13 Padded Archer Armor
38:09 Bodkin Arrow
38:20 Scale Barding Armor
38:46 Pikeman
39:26 Squires
40:49 Chain Barding Armor
40:45 Leather Archer Armor
42:48 Heated Shot
46:35 Imperial Age
43:51 Town Watch
44:33 Ballistics
48:29 Elite Elephant Archer
49:43 Ring Archer Armor
49:14 Bracer
48:53 Siege Elephant
49:52 Town Patrol
50:55 Chemistry
50:12 Medical Corps
50:32 Conscription
50:48 Hoardings
52:35 Two-Man Saw
52:13 Coinage
51:43 Caravan
60:34 Scale Mail Armor
60:44 Forging
60:57 Bombard Tower
60:48 Masonry
61:31 Guilds
61:51 Banking
62:58 Chain Mail Armor
63:19 Iron Casting
71:09 Arrowslits
71:14 Guard Tower
71:35 Fortified Wall
71:20 Murder Holes
73:36 Plate Mail Armor
74:07 Blast Furnace
73:21 Thumb Ring
72:38 Elite Skirmisher
72:39 Crossbowman
75:26 Keep
75:02 Careening
75:02 Clinker Construction
75:13 Shipwright
74:59 Siphons
GuZ
7:14 Loom
17:58 Feudal Age
18:34 Man-at-Arms
23:07 Fletching
25:23 Scale Mail Armor
40:15 Double-Bit Axe
47:45 Castle Age
48:09 Horse Collar
57:06 Wheelbarrow
56:17 Town Watch
57:08 Heavy Plow
57:20 Bow Saw
57:56 Scale Barding Armor
58:43 Hand Cart
60:20 Caravan
63:03 Chain Barding Armor
63:12 Gold Mining
63:16 Stone Mining
63:42 Forging
68:15 Imperial Age
66:30 Iron Casting
67:17 Bodkin Arrow
68:12 Bloodlines
68:03 Husbandry
69:33 Conscription
69:41 Guilds
70:06 Elite Leitis
72:14 Two-Man Saw
71:47 Crop Rotation
72:37 Sanctity
72:21 Devotion
72:45 Sanctity
72:42 Block Printing
74:50 Plate Barding Armor
Elon Musk
15:05 Feudal Age
15:36 Horse Collar
17:40 Bloodlines
18:36 Scale Barding Armor
18:41 Forging
20:05 Double-Bit Axe
28:50 Castle Age
30:03 Bow Saw
29:47 Gold Mining
30:19 Husbandry
30:40 Thumb Ring
30:41 Padded Archer Armor
33:20 Wheelbarrow
32:55 Fletching
35:17 Leather Archer Armor
34:58 Bodkin Arrow
35:38 Ballistics
36:08 Stone Mining
37:57 Pikeman
40:15 Gold Shaft Mining
41:56 Chain Barding Armor
42:12 Iron Casting
44:17 Squires
45:20 Scale Mail Armor
46:02 Heavy Plow
53:50 Imperial Age
51:38 Hand Cart
52:47 Town Watch
54:21 Town Patrol
56:38 Parthian Tactics
56:48 Heavy Cavalry Archer
58:29 Cavalier
59:35 Conscription
59:18 Bracer
64:14 Plate Barding Armor
64:40 Blast Furnace
CANULAN
5:08 Loom
19:52 Feudal Age
20:17 Horse Collar
20:42 Man-at-Arms
25:16 Castle Age
25:35 Scale Mail Armor
25:45 Forging
29:58 Iron Casting
29:27 Squires
30:19 Long Swordsman
34:05 Fletching
38:56 Imperial Age
39:14 Bodkin Arrow
39:06 Two-Handed Swordsman
39:12 Two-Handed Swordsman
43:21 Champion
44:03 Pikeman
46:52 Blast Furnace
46:18 Pikeman
48:52 Chemistry
49:30 Perfusion
50:17 Conscription
54:17 Caravan
56:21 Wheelbarrow
55:31 Town Watch
59:27 Chain Mail Armor
64:33 Heavy Plow
69:07 Halberdier
boomxboom
3:42 Loom
14:17 Feudal Age
17:27 Man-at-Arms
43:58 Castle Age
张益达
9:31 Loom
16:52 Feudal Age
21:02 Castle Age
18:57 Double-Bit Axe
20:06 Forging
20:20 Bloodlines
21:23 Town Watch
33:23 Wheelbarrow
35:24 Treadmill Crane
40:41 Imperial Age
38:35 Bow Saw
39:13 Fletching
41:46 Conscription
43:17 Two-Man Saw
43:50 Hand Cart
43:36 Elite Skirmisher
44:55 Ballistics
47:23 Town Patrol
47:41 Scale Barding Armor
48:18 Iron Casting
49:45 Husbandry
49:05 Elite Steppe Lancer
50:40 Murder Holes
54:08 Stone Mining
54:08 Gold Mining
56:05 Chemistry
56:20 Gold Shaft Mining
56:58 Stone Shaft Mining
57:04 Fortified Bastions
65:52 Elite Iron Pagoda
70:00 Blast Furnace
69:20 Chain Barding Armor
72:05 Heavy Rocket Cart
曾小贤
3:48 Loom
6:50 Loom
17:28 Feudal Age
20:23 Castle Age
19:34 Bloodlines
20:28 Fishing Lines
24:59 Gillnets
28:25 Double-Bit Axe
30:19 Pikeman
34:40 Imperial Age
34:46 Imperial Age
33:03 Bow Saw
32:59 Light Cavalry
33:39 Husbandry
37:13 Conscription
39:46 Wheelbarrow
40:38 Elite Ballista Elephant
42:53 Double Crossbow
42:54 Tusk Swords
45:01 Hoardings
44:33 Cavalier
46:44 Chemistry
46:05 Ballistics
45:43 Murder Holes
45:55 Padded Archer Armor
45:45 Fletching
46:59 Hand Cart
50:24 Masonry
52:21 Town Watch
52:57 Leather Archer Armor
52:37 Bodkin Arrow
52:53 Forging
52:44 Scale Mail Armor
52:49 Scale Barding Armor
53:23 Architecture
53:05 Fortified Wall
53:11 Siege Engineers
52:47 Elite Skirmisher
53:47 Onager
56:00 Ring Archer Armor
55:31 Bracer
56:06 Iron Casting
55:47 Chain Mail Armor
55:52 Chain Barding Armor
RidingRaccoon
13:55 Loom
15:47 Feudal Age
23:16 Castle Age
21:36 Double-Bit Axe
22:01 Stone Mining
24:40 Elite Skirmisher
25:17 Gold Mining
30:14 Squires
31:53 Murder Holes
32:19 Ballistics
32:32 Padded Archer Armor
33:15 Fletching
35:27 Masonry
35:28 Horse Collar
38:50 Thumb Ring
40:31 Leather Archer Armor
40:35 Husbandry
40:46 Bloodlines
45:26 Imperial Age
45:39 Imperial Age
47:25 Chemistry
47:58 Wheelbarrow
47:09 Town Watch
47:27 Caravan
48:14 Bow Saw
48:59 Heavy Plow
50:36 Two-Man Saw
51:47 Hand Cart
55:33 Elite Conquistador
56:11 Pikeman
56:37 Arson
60:25 Ring Archer Armor
60:01 Scale Barding Armor
60:07 Forging
59:58 Scale Mail Armor
59:53 Bodkin Arrow
66:26 Conscription
66:42 Hoardings
68:42 Stone Shaft Mining
68:25 Chain Mail Armor
68:11 Bracer
68:46 Iron Casting
68:31 Chain Barding Armor
68:56 Halberdier
71:53 Plate Mail Armor
72:24 Blast Furnace
Connection lost

Rejoining the realm…

Still unreachable

The connection could not be restored.

Session expired

The server has moved on; the page needs a fresh start.